 Dungeon Crawl Stone Soup version 0.29-a0-994-gc5c9f59d18 (webtiles) character file.

Game seed: 8726881876173091794

960 testman the Skirmisher (level 8, -3/79 HPs)
             Began as a Kobold Hunter on Aug 3, 2022.
             Was an Initiate of Hepliaklqana.
             Slain by an orc warrior
             ... wielding a +0 dire flail
              (13 damage)
             ... on level 6 of the Dungeon.
             The game lasted 00:13:36 (6067 turns).

testman the Skirmisher (Kobold Hunter)              Turns: 6067, Time: 00:13:37

Health: -3/79      AC: 24    Str:  9    XL:     8   Next: 37%
Magic:  9/9        EV:  3    Int: 10    God:    Hepliaklqana [......]
Gold:   377        SH:  0    Dex: 26    Spells: 7/7 levels left

rFire   . . .      SeeInvis .   a - +1 shortbow (freeze)
rCold   . . .      Faith    +   (shield currently unavailable)
rNeg    . . .      Spirit   .   (body armour currently unavailable)
rPois   +          Reflect  .   (helmet currently unavailable)
rElec   .          Harm     .   (cloak currently unavailable)
rCorr   .          Rampage  .   (gloves currently unavailable)
Will    +....      Clarity  +   (boots currently unavailable)
Stlth   +++....... NoTele   +   f - amulet of faith
HPRegen 0.23/turn               e - +6 ring of dexterity
MPRegen 0.11/turn               o - ring of willpower

@: tree-form, hasted, unable to drink, very quick
A: stationary, stasis, torment immunity, boosted hp, small, no large weapons,
nightstalker 3, clarity, inability to drink while threatened 1
a: Renounce Religion


You were on level 6 of the Dungeon.
You worshipped Hepliaklqana.
Hepliaklqana was noncommittal.
You were a tree.
You visited 2 branches of the dungeon, and saw 7 of its levels.
You also visited: Ossuary.

You collected 377 gold pieces.

Inventory:

Hand Weapons
 a - a +1 shortbow of freezing (weapon)
Armour
 j - a +1 helmet (melded)
 n - the +3 leather armour of the Eternal Fruit (melded) {Fly Will+ SInv}
   (You found it on level 5 of the Dungeon)

   SInv:      It lets you see invisible.
   Fly:       It grants you flight.
   Will:      It increases your willpower.
Jewellery
 e - a +6 ring of dexterity (left branch)
 f - an amulet of faith (around neck)
 o - a ring of willpower (right branch)
Wands
 u - a wand of iceblast (1)
Scrolls
 b - 2 scrolls of immolation
 d - 7 scrolls of fog
 h - 2 scrolls of noise
 k - a scroll of brand weapon
 l - a scroll of amnesia
 p - a scroll of summoning {unknown}
 s - a scroll of fear {unknown}
Potions
 i - a potion of magic {unknown}
 m - a potion of heal wounds {unknown}
 r - a potion of curing


   Skills:
 + Level 7.1 Fighting
 + Level 9.8 Ranged Weapons
 - Level 2.4 Dodging
 - Level 1.3 Stealth
 + Level 2.0 Invocations


You had 7 spell levels left.
You didn't know any spells.
Your spell library contained the following spells:

 Spells                   Type           Power      Damage    Failure   Level
 Freeze                   Ice            0%         1d3       36%         1
 Sting                    Tmut/Pois      0%         1d3       36%         1
 Poisonous Vapours        Pois/Air       0%         N/A       50%         2
 Frozen Ramparts          Ice            0%         1d8       75%         3
 Corpse Rot               Necr/Pois/Air  0%         N/A       98%         4
 Hailstorm                Conj/Ice       0%         3d3       98%         4
 Olgreb's Toxic Radiance  Pois           0%         N/A       98%         4
 Blade Hands              Tmut           0%         N/A       100%        5
 Irradiate                Conj/Tmut      0%         3d11      100%        5
 Dragon Form              Tmut           0%         N/A       100%        7


Dungeon Overview and Level Annotations

Branches:
Dungeon (6/15)             Temple (1/1) D:5         Ossuary (visited)

Altars:
Ashenzari
Cheibriados
Dithmenos
Elyvilon
Fedhas
Hepliaklqana
Kikubaaqudgha
Nemelex Xobeh
Okawaru
Qazlal
Ru
Sif Muna
Uskayaw
Vehumet
Xom
Yredelemnul
Zin
The Shining One


Innate Abilities, Weirdness & Mutations

You are a tree.
Your roots penetrate the ground, keeping you stationary.
You cannot be teleported.
You are immune to unholy pain and torment.
Your maximum health is greatly increased.
Your equipment is partially melded.
You are small and have problems with some larger weapons.
You are completely attuned to the shadows.
You possess an exceptional clarity of mind.
You occasionally lose the ability to drink potions when taking damage.


Message History

The orc warrior hits you with a +0 dire flail!
You shoot an arrow.
The arrow hits the orc warrior but does no damage.
The orc warrior is lightly wounded.
The orc warrior hits you with a +0 dire flail!
You shoot an arrow. The arrow hits the orc warrior.
The arrow freezes the orc warrior.
The orc warrior is moderately wounded.
The orc warrior hits you but does no damage.
You shoot an arrow.
The arrow hits the orc warrior but does no damage.
The orc warrior is moderately wounded.
The orc warrior hits you with a +0 dire flail!
You are too injured to fight recklessly!
You are too injured to fight recklessly!
Fire: a) +1 shortbow (freeze)
Press: ? - help, Q - select action, (/) - cycle Shift-Dir - straight line, f/p - orc warrior
Aim: an orc warrior, wielding a +0 dire flail and wearing a +0 plate armour (moderately wounded, 72% to hit)
You shoot an arrow.
The arrow hits the orc warrior but does no damage.
The orc warrior is moderately wounded.
The orc warrior closely misses you.
Fire: a) +1 shortbow (freeze)
Press: ? - help, Q - select action, (/) - cycle Shift-Dir - straight line, f/p - orc warrior
Aim: an orc warrior, wielding a +0 dire flail and wearing a +0 plate armour (moderately wounded, 72% to hit)
You shoot an arrow.
The arrow barely misses the orc warrior.
The orc warrior hits you with a +0 dire flail!
* * * LOW HITPOINT WARNING * * *
Unknown command.
Really quaff the potion of lignification?
You turn into a tree.
Your +1 helmet melds into your body.
The +3 leather armour of the Eternal Fruit {Fly Will+ SInv} melds into your body.
You float gracefully downwards.
Your roots penetrate the ground.
The orc warrior hits you with a +0 dire flail.
* * * LOW HITPOINT WARNING * * *
It was a potion of haste.
You feel yourself speed up.
The orc warrior hits you with a +0 dire flail!
You feel threatened and lose the ability to drink potions!
You die...

..<........
.........## ##
........##.⌠.# ♣.
.....#.####.#.###.#
#......#.#.#.#.#.# #.
#.....#.⌠.###.⌠.###)⌠
......#.#.#.#.#.#)#
...#.####.###.#o##
...#. #.⌠.###♣8.# #.
##.#.###.## .#....
#.. . . ## ... ..
....)...# ........#
....)...# ....)...#


You could see an orc warrior.

Vanquished Creatures
  Edmund (D:6)
  An ice beast (D:5)
  A phantom (D:4)
  A bullfrog zombie (D:5)
  2 centaur zombies (Ossuary)
  4 hounds (D:4)
  A jelly (D:5)
  2 orc priests (D:6)
  A centaur skeleton (D:5)
  An orc wizard (D:6)
  2 iguanas
  A killer bee zombie (D:5)
  The ghost of gdog the Covert, a weakling GnDe (D:5)
  6 mummies (Ossuary)
  7 adders
  A white imp (D:4)
  2 ufetubi
  A worm (D:5)
  12 orcs
  8 ball pythons
  3 bats
  4 endoplasms
  A giant cockroach (D:3)
  6 goblins
  5 hobgoblins
  4 jackals (D:2)
  2 quokkas
  2 frilled lizards
  3 hobgoblin zombies (Ossuary)
  5 kobolds
  3 rats
  A spectral hobgoblin (D:3)
95 creatures vanquished.

Notes
Turn   | Place    | Note
-------+----------+-------------------------------------------
     0 | D:1      | testman the Kobold Hunter began the quest for the Orb.
     0 | D:1      | Reached XP level 1. HP: 12/12 MP: 1/1
   566 | D:1      | Reached XP level 2. HP: 18/18 MP: 2/2
  1140 | D:2      | Reached skill level 6 in Ranged Weapons
  1140 | D:2      | Reached XP level 3. HP: 23/23 MP: 3/3
  1440 | D:2      | Reached XP level 4. HP: 25/28 MP: 4/4
  2244 | D:3      | Identified the +1 whip "Latuzaem" {pain, Str+2 Int+2}
  2518 | D:3      | Found a faded altar of an unknown god.
  3334 | D:4      | Reached XP level 5. HP: 33/33 MP: 5/5
  3410 | D:4      | Reached skill level 7 in Ranged Weapons
  3587 | D:4      | Noticed a phantom
  3592 | D:4      | Killed a phantom
  3593 | D:4      | Reached skill level 5 in Fighting
  3593 | D:4      | Reached XP level 6. HP: 37/40 MP: 6/6
  3812 | D:4      | Reached skill level 8 in Ranged Weapons
  4101 | D:5      | Entered Level 5 of the Dungeon
  4115 | D:5      | Found a sand-covered staircase.
  4123 | Ossuary  | Entered an ossuary
  4138 | Ossuary  | Reached XP level 7. HP: 19/44 MP: 7/7
  4365 | Ossuary  | Gained mutation: You occasionally lose the ability to drink
                  | potions when taking damage. [potion of mutation]
  4365 | Ossuary  | Gained mutation: You are somewhat resistant to further
                  | mutation. [potion of mutation]
  4685 | Ossuary  | Lost mutation: You occasionally lose the ability to drink
                  | potions when taking damage. [potion of mutation]
  4685 | Ossuary  | Lost mutation: You are somewhat resistant to further
                  | mutation. [potion of mutation]
  4685 | Ossuary  | Gained mutation: You occasionally lose the ability to drink
                  | potions when taking damage. [potion of mutation]
  4685 | Ossuary  | Gained mutation: You possess an exceptional clarity of
                  | mind. [potion of mutation]
  4815 | D:5      | Found a radiant altar of Vehumet.
  4825 | D:5      | Identified the +3 leather armour of the Eternal Fruit {Fly
                  | Will+ SInv}
  4876 | D:5      | Found a staircase to the Ecumenical Temple.
  4891 | Temple   | Entered the Ecumenical Temple
  4988 | Temple   | Became a worshipper of Hepliaklqana the Forgotten
  5048 | D:5      | Found a transporter.
  5182 | D:5      | Found a transporter.
  5182 | D:5      | Noticed gdog's ghost (weakling GnDe)
  5207 | D:5      | Reached skill level 9 in Ranged Weapons
  5432 | D:5      | Killed gdog's ghost
  5440 | D:5      | Reached XP level 8. HP: 21/52 MP: 8/8
  5681 | D:6      | Noticed Edmund
  5689 | D:6      | Killed Edmund
  5690 | D:6      | Reached skill level 1 in Invocations
  6067 | D:6      | Slain by an orc warrior

Illustrated notes

Levels and vault maps discovered:
D:1:      eino_arrival_tree_alley, layout_loops_ring, dreamdust_wishing_well
D:2:      layout_loops_ring, grunt_decor_fettered, dk_noncrumbling_3
D:3:      layout_basic, serial_co_window_serial, co_window_paths_a,
          co_window_corner_a, co_window_paths_b, co_window_paths_a,
          co_window_paths_b, co_window_corner_a, co_window_corner_b,
          co_window_of_opportunity_b, co_window_broadway_c, co_window_2corner,
          co_window_sun, glass_columns_a, glass_columns_a, glass_columns_c,
          dreamdust_ecumenical_altar_drowned_temple
D:4:      layout_basic, roderic_roman_lattice
D:5:      layout_rooms, nicolae_overflow_crystal_walls,
          minmay_temple_entry_offerings, gammafunk_ghost_mausoleum,
          enter_ossuary_1
D:6:      layout_gridville, grunt_decor_mini_mirrors, uniq_maggie,
          uniq_crazy_yiuf_cottage, uniq_edmund
Temple:   minmay_temple_bridge_d

Skill      XL: |  1  2  3  4  5  6  7  8 |
---------------+-------------------------+-----
Fighting       | 3 4 5 6 7 |  7.1
Ranged Weapons | 6 7 8 9 |  9.8
Invocations    | 2 |  2.0
Dodging        | |  2.4
Stealth        | |  1.3

Action                   |  1- 3 |  4- 6 |  7- 9 || total
-------------------------+-------+-------+-------++-------
 Fire: Shortbow          |    59 |   110 |   122 ||   291
  Use: Scroll            |       |     8 |     1 ||     9
       Potion            |       |       |     8 ||     8
Armor: Leather armour    |     5 |     8 |    25 ||    38
       Skin              |       |       |     1 ||     1
Dodge: Dodged            |    32 |    47 |    66 ||   145

Table legend: (Time is in decaauts)
 A = Elapsed time spent in this place.
 B = Non-inter-level travel time spent in this place.
 C = Inter-level travel time spent in this place.
 D = Time resting spent in this place.
 E = Time spent auto-exploring this place.
 F = Levels seen in this place.
 G = Mean time per level.
                   A        B        C        D        E       F      G
               +--------+--------+--------+--------+--------+-----+--------+
         Total |   6119 |   5900 |    219 |    487 |   4711 |   8 |  764.9 |
       Dungeon |   5408 |   5189 |    219 |    222 |   4405 |   6 |  901.3 |
        Temple |    133 |    133 |      0 |      0 |     73 |   1 |  133.0 |
       Ossuary |    576 |    576 |      0 |    265 |    233 |   1 |  576.0 |
               +--------+--------+--------+--------+--------+-----+--------+

Top non-repeatable levels by time:
     D:3: 1153 daAuts
     D:5: 1093 daAuts
     D:1: 1026 daAuts
     D:2: 1023 daAuts
     D:4: 936 daAuts
 Ossuary: 576 daAuts
     D:6: 175 daAuts
  Temple: 133 daAuts
